 Dungeon Crawl Stone Soup version 0.23-a0-650-ga4d50d4 (webtiles) character file.

7301 George the Basher (level 11, 0/64 HPs)
             Began as a Gargoyle Fighter on Jan 4, 2019.
             Was a Believer of Makhleb.
             Killed by mirror damage (8 damage)
             ... on level 9 of the Dungeon on Jan 5, 2019.
             The game lasted 00:14:42 (7083 turns).

George the Basher (Gargoyle Fighter)                Turns: 7083, Time: 00:14:43

Health: 0/64       AC: 19    Str: 24    XL:     11   Next: 13%
Magic:  0/23       EV:  9    Int: 14    God:    Makhleb [**....]
Gold:   432        SH:  8    Dex:  5    Spells: 10/10 levels left

rFire    . . .     SeeInvis .   B - +1 whip (elec)
rCold    + . .     Gourm    .   G - +4 buckler of a bazaar {+Blink}
rNeg     + . .     Faith    .   r - +0 chain mail
rPois    ∞         Spirit   +   (no helmet)
rElec    +         Reflect  .   s - scarf {Spirit}
rCorr    .         Harm     .   (no gloves)
MR       .....                  g - +0 pair of boots "Egiggyenna" {rElec rPois rC+ Dex-4}
Stlth    ..........             p - amulet of regeneration
HPRegen  0.60/turn              D - +6 ring of intelligence
MPRegen  0.18/turn              q - ring of magical power

@: no status effects
A: negative energy resistance 1, electricity resistance, unbreathing,
petrification resistance, rot immunity, AC +8
a: Minor Destruction, Renounce Religion, Evoke Blink


You were on level 9 of the Dungeon.
You worshipped Makhleb.
Makhleb was pleased with you.
You were hungry.

You visited 2 branches of the dungeon, and saw 11 of its levels.

You collected 432 gold pieces.

Inventory:

Hand Weapons
 y - a +0 flail of protection
 B - a +1 whip of electrocution (weapon)
Armour
 g - the +0 pair of boots "Egiggyenna" (worn) {rElec rPois rC+ Dex-4}
   (You found it on level 7 of the Dungeon)

   It affects your dexterity (-4).
   It protects you from cold.
   It insulates you from electricity.
   It protects you from poison.
 r - a +0 chain mail (worn)
 s - a scarf of spirit shield (worn)
 G - the +4 buckler of a bazaar (worn) {+Blink}
   (You found it on level 9 of the Dungeon)

   It lets you blink.
Jewellery
 h - an uncursed ring of fire
 p - an amulet of regeneration (around neck)
 q - a ring of magical power (right hand)
 D - a +6 ring of intelligence (left hand)
Wands
 b - a wand of digging (3)
Scrolls
 a - 7 scrolls of identify
 e - a scroll of magic mapping
 j - 2 scrolls of fear {unknown}
 k - 2 scrolls of remove curse
 l - 2 scrolls of enchant weapon {unknown}
 n - 2 scrolls of enchant armour {unknown}
 o - 3 scrolls of teleportation
 t - 2 scrolls of amnesia {unknown}
 w - 2 scrolls of noise {unknown}
 C - a scroll of silence {unknown}
 F - a scroll of acquirement {unknown}
Potions
 d - 2 potions of might
 i - 4 potions of curing
 m - 2 potions of flight
 u - 2 potions of agility
 v - a potion of magic
 x - a potion of brilliance
 z - 2 potions of mutation {unknown}
 A - a potion of resistance
Comestibles
 f - 13 rations


   Skills:
 + Level 5.8 Fighting
 + Level 13.4 Maces & Flails
 + Level 5.6 Armour
 + Level 3.2 Dodging
 + Level 5.8 Shields
 + Level 4.6 Invocations


You had 10 spell levels left.
You didn't know any spells.
Your spell library was empty.

Dungeon Overview and Level Annotations

Branches:
Dungeon (10/15)            Temple (1/1) D:5
   Lair: D:8-11         Orc: D:9-12

Altars:
Ashenzari
Cheibriados
Dithmenos
Elyvilon
Fedhas
Gozag
Hepliaklqana
Kikubaaqudgha
Makhleb
Nemelex Xobeh
Okawaru
Qazlal
Ru
Sif Muna
Trog
Uskayaw
Vehumet
Wu Jian
Xom
Yredelemnul
Zin
The Shining One

Shops:
D:5 *


Innate Abilities, Weirdness & Mutations

You are resistant to torment.
Your stone body is resilient. (AC +8)
You are immune to poison.
You resist negative energy. (rN+)
You are resistant to electric shocks. (rElec)
You can survive without breathing.
You are immune to petrification.
You are immune to rotting.


Message History

The death knight hits you with a +4 glaive!
You hit the death knight but do no damage.
The death knight is heavily wounded.
You whack the death knight!
Lightning courses through the death knight!
The death knight is almost dead.
The death knight reflects your damage back at you!
* * * LOW HITPOINT WARNING * * *
The death knight hits you with a +4 glaive!
* * * LOW HITPOINT WARNING * * *
You hit the death knight but do no damage.
The death knight is almost dead.
You hit the death knight but do no damage.
The death knight is almost dead.
You hit the death knight but do no damage.
Lightning courses through the death knight!
You kill the death knight!
Makhleb accepts your kill.
Your damage is reflected back at you!
You die...

##.#########............#
#..# #######'###### ##.##
###...# #..## #...###
##..## ####'##########
##..####.............#
######'##.'.............#
........#.#....)........#
....>...#.#.....@.......#
........'.#..<..........#
........###........<....#
######### #####'#########
#...### ###...# ###.#
#####.#####
###############.........#


There were no monsters in sight!

Vanquished Creatures
  Erolcha (D:9)
  A centaur warrior (D:10)
  A death knight (D:9)
  Pikel (D:5)
  Joseph (D:7)
  A troll (D:9)
  2 hippogriffs
  Sigmund (D:6)
  Grum (D:8)
  Menkaure (D:4)
  2 orc warriors
  An ice beast (D:5)
  A black bear (D:9)
  A sky beast (D:5)
  An ogre (D:5)
  4 wolves (D:8)
  A centaur (D:8)
  A bullfrog (D:4)
  2 gnoll sergeants
  2 scorpions
  5 killer bees (D:8)
  4 howler monkeys
  4 crimson imps
  A bullfrog zombie (D:8)
  A quasit (D:5)
  A centaur zombie (D:8)
  2 jellies
  5 orc priests
  9 hounds
  5 orc wizards
  3 bullfrog skeletons
  4 gnoll shamans (D:3)
  8 worker ants
  A hound zombie (D:5)
  41 gnolls
  A howler monkey skeleton (D:9)
  9 adders
  2 oozes
  An adder skeleton (D:4)
  3 worms
  3 dart slugs
  4 leopard geckos
  36 orcs
  A ball python (D:2)
  7 bats
  5 giant cockroaches
  8 goblins
  6 hobgoblins
  23 jackals
  6 quokkas
  11 frilled lizards
  5 kobolds (D:1)
  2 leopard gecko zombies
  2 quokka skeletons
  A quokka zombie (D:8)
  6 rats
263 creatures vanquished.

Vanquished Creatures (others)
  An orc wizard (D:8)
1 creature vanquished.

Grand Total: 264 creatures vanquished

Notes
Turn   | Place    | Note
-------+----------+-------------------------------------------
     0 | D:1      | George the Gargoyle Fighter began the quest for the Orb.
     0 | D:1      | Reached XP level 1. HP: 14/14 MP: 1/1
    72 | D:1      | Reached XP level 2. HP: 19/19 MP: 2/2
    81 | D:1      | Reached skill level 3 in Maces & Flails
   112 | D:1      | Found a snail-covered altar of Cheibriados.
   301 | D:1      | Reached XP level 3. HP: 21/23 MP: 3/3
   307 | D:1      | You fall through a shaft!
   332 | D:2      | Found a blossoming altar of Fedhas.
   602 | D:2      | Reached skill level 4 in Maces & Flails
   641 | D:2      | Reached XP level 4. HP: 25/28 MP: 4/4
  1109 | D:3      | Reached skill level 5 in Maces & Flails
  1197 | D:3      | Reached XP level 5. HP: 32/32 MP: 5/5
  1424 | D:3      | You fall through a shaft!
  1775 | D:3      | Reached skill level 6 in Maces & Flails
  1778 | D:3      | Reached XP level 6. HP: 24/37 MP: 6/6
  1966 | D:3      | Reached skill level 7 in Maces & Flails
  1996 | D:3      | Reached XP level 7. HP: 35/41 MP: 7/7
  2079 | D:3      | Reached skill level 8 in Maces & Flails
  2396 | D:4      | Reached skill level 9 in Maces & Flails
  2396 | D:4      | Reached XP level 8. HP: 34/46 MP: 2/8
  2519 | D:4      | Noticed Menkaure
  2529 | D:4      | Killed Menkaure
  2913 | D:5      | Entered Level 5 of the Dungeon
  2993 | D:5      | Found a staircase to the Ecumenical Temple.
  3007 | D:5      | Reached skill level 10 in Maces & Flails
  3019 | Temple   | Entered the Ecumenical Temple
  3645 | D:5      | Noticed Pikel
  3669 | D:5      | Killed Pikel
  3669 | D:5      | Reached skill level 11 in Maces & Flails
  3669 | D:5      | Reached XP level 9. HP: 51/51 MP: 9/9
  3716 | D:5      | Found Legtag's Luxury Loot.
  3876 | D:5      | Found an ornate altar of the Wu Jian Council.
  4099 | D:6      | Reached skill level 12 in Maces & Flails
  4402 | D:6      | Noticed Sigmund
  4409 | D:6      | Killed Sigmund
  4529 | D:6      | Found a hazy altar of Hepliaklqana.
  4531 | D:6      | Found a shattered altar of Ashenzari.
  4533 | D:6      | Found a radiant altar of Vehumet.
  5205 | D:7      | Found a burning altar of Makhleb.
  5227 | D:7      | Became a worshipper of Makhleb the Destroyer
  5249 | D:7      | Noticed Joseph
  5280 | D:7      | Killed Joseph
  5280 | D:7      | Reached skill level 1 in Dodging
  5280 | D:7      | Reached skill level 1 in Invocations
  5326 | D:7      | Reached XP level 10. HP: 55/56 MP: 11/11
  5641 | D:7      | Got a pair of dazzling boots
  5647 | D:7      | Identified the +0 pair of boots "Egiggyenna" {rElec rPois
                  | rC+ Dex-4} (You found it on level 7 of the Dungeon)
  5815 | D:8      | Noticed Grum
  5819 | D:8      | Reached skill level 13 in Maces & Flails
  5859 | D:8      | Killed Grum
  6030 | D:8      | Reached * piety under Makhleb
  6777 | D:9      | Noticed Erolcha
  6803 | D:9      | Killed Erolcha
  6803 | D:9      | Reached skill level 5 in Fighting
  6803 | D:9      | Reached skill level 5 in Armour
  6803 | D:9      | Reached skill level 5 in Shields
  6837 | D:9      | Reached ** piety under Makhleb
  6958 | D:9      | Got a bloodstained buckler
  6969 | D:9      | Identified the +4 buckler of a bazaar {+Blink} (You found
                  | it on level 9 of the Dungeon)
  7004 | D:10     | Entered Level 10 of the Dungeon
  7022 | D:10     | Noticed a centaur warrior
  7024 | D:10     | Noticed an orc knight
  7024 | D:10     | Noticed a death knight
  7025 | D:10     | Noticed an ogre mage
  7026 | D:10     | Noticed a two-headed ogre
  7037 | D:10     | Killed a centaur warrior
  7037 | D:10     | Reached XP level 11. HP: 56/64 MP: 11/14
  7083 | D:9      | Killed a death knight
  7083 | D:9      | Killed by mirror damage

Vault maps used:
D:1:      saegor_arrival_simple_b, cheibriados_altar_1
D:2:      fedhas_altar_3
D:3:      lemuel_castle_with_subvaults, first_ration
D:4:      uniq_menkaure
D:5:      lemuel_doored_altar, minmay_temple_entry_mini_moons,
          ebering_dispersal_statue_hall, nicolae_alphabet_shops, uniq_pikel
D:6:      minitemple, uniq_sigmund
D:7:      makhleb_heckhound_becter, uniq_joseph
D:8:      uniq_grum
D:9:      uniq_erolcha
D:10:     grunt_tengu_nest, minivault_28
Temple:   eino_temple_scatter_basement

Skill      XL: |  1  2  3  4  5  6  7  8  9 10 |
---------------+-------------------------------+-----
Maces & Flails | 3 4 5 6 7 9 11 12 13 | 13.4
Dodging        | 1 3 |  3.2
Invocations    | 1 4 |  4.6
Shields        | 5 |  5.8
Fighting       | 5 |  5.8
Armour         | 5 |  5.6

Action                   |  1- 3 |  4- 6 |  7- 9 | 10-12 || total
-------------------------+-------+-------+-------+-------++-------
Melee: Flail             |   136 |   303 |   408 |       ||   847
       Whip              |       |       |   145 |   302 ||   447
  Use: Potion            |       |       |     1 |       ||     1
       Scroll            |       |       |    10 |       ||    10
  Eat: Chunk             |       |     4 |     9 |     5 ||    18
       Ration            |       |       |     1 |       ||     1
Armor: Scale mail        |    83 |   108 |       |       ||   191
       Chain mail        |       |    46 |   384 |   104 ||   534
Dodge: Dodged            |    55 |   118 |   114 |    47 ||   334
Block: Shield            |    88 |   172 |   252 |    92 ||   604
       Buckler           |       |       |       |     6 ||     6

Table legend:
 A = Non-vault XP
 B = Vault XP
 C = Vault XP percentage of total XP
 D = Non-vault monster count
 E = Vault monster count
 F = Vault count percentage of total count
                 A         B        C        D         E       F
            +---------+---------+-------+---------+---------+-------
      Total |    4560 |    5870 |  56.3 |     198 |      66 |  25.0
            +---------+---------+-------+---------+---------+-------
        D:1 |      40 |       0 |   0.0 |      23 |       0 |   0.0
        D:2 |      60 |      18 |  23.1 |      21 |       3 |  12.5
        D:3 |      74 |     736 |  90.9 |      24 |      50 |  67.6
        D:4 |     435 |     169 |  28.0 |      28 |       1 |   3.4
        D:5 |     897 |     641 |  41.7 |      31 |       1 |   3.1
        D:6 |     355 |     227 |  39.0 |       3 |       1 |  25.0
        D:7 |     552 |     529 |  48.9 |      18 |       2 |  10.0
        D:8 |    1083 |     662 |  37.9 |      32 |       5 |  13.5
        D:9 |    1010 |    1942 |  65.8 |      17 |       2 |  10.5
       D:10 |      54 |     946 |  94.6 |       1 |       1 |  50.0
            +---------+---------+-------+---------+---------+-------
